 Dungeon Crawl Stone Soup version 0.27.1-34-g3ba077fa99 (webtiles) character file.

Game seed: 2361734748600017072

307 ticklebelly the Chopper (level 6, -3/49 (57) HPs)
             Began as a Minotaur Berserker on Jan 7, 2022.
             Was a Priest of Trog.
             Slain by a wight (7 damage)
             ... on level 4 of the Dungeon.
             The game lasted 00:03:53 (3017 turns).

ticklebelly the Chopper (Minotaur Berserker)        Turns: 3017, Time: 00:03:54

HP:   -3/49 (57)    AC:  5    Str: 23    XL:     6   Next: 16%
MP:   5/5           EV: 11    Int:  4    God:    Trog [***...]
Gold: 199           SH:  0    Dex: 10    Spells: 5/5 levels left

rFire    . . .     SeeInvis .   l - +2 dire flail (protect)
rCold    . . .     Faith    .   (shield currently unavailable)
rNeg     . . .     Spirit   .   h - +0 ring mail
rPois    .         Reflect  .   (helmet restricted)
rElec    .         Harm     .   (no cloak)
rCorr    .         Rampage  .   (no gloves)
Will     ++...                  (no boots)
Stlth    ..........             (no amulet)
HPRegen  1.16/turn              (no ring)
MPRegen  0.09/turn              (no ring)

@: strong-willed, regenerating, heavily drained
A: horns 2, retaliatory headbutt
a: Renounce Religion, Berserk, Trog's Hand


You were on level 4 of the Dungeon.
You worshipped Trog.
Trog was most pleased with you.
You visited 1 branch of the dungeon, and saw 4 of its levels.

You collected 199 gold pieces.

Inventory:

Hand Weapons
 a - a +0 hand axe
 l - a +2 dire flail of protection (weapon)
Armour
 h - a +0 ring mail (worn)
Wands
 k - a wand of paralysis (14)
Scrolls
 c - 3 scrolls of identify {unknown}
 e - 2 scrolls of teleportation {unknown}
 j - a scroll of magic mapping {unknown}
Potions
 b - a potion of brilliance {unknown}
 d - 2 potions of heal wounds {unknown}
 f - a potion of invisibility {unknown}
 g - 2 potions of haste {unknown}
 i - 2 potions of curing {unknown}


   Skills:
 + Level 5.7 Fighting
 + Level 5.8 Axes
 + Level 3.7 Armour
 - Level 3.3 Dodging


You had 5 spell levels left.
You didn't know any spells.
Your spell library was empty.

Dungeon Overview and Level Annotations

Branches:
Dungeon (4/15)
 Temple: D:4-7

Altars:

Shops:
D:1 [


Innate Abilities, Weirdness & Mutations

You have a pair of horns on your head.
You reflexively headbutt those who attack you in melee.


Message History

The goblin moves out of view.
You barely miss the wight. The wight closely misses you.
The wight hits you with a +3 morningstar.
You feel drained.
You closely miss the wight. The wight closely misses you.
You sock the wight!
Your weapon exudes an aura of protection.
The wight is almost destroyed.
A wight comes into view. It is wielding a +0 halberd.
The wight completely misses you.
The wight hits you from afar with a +0 spear.
You closely miss the wight. You headbutt the wight.
The wight is moderately damaged.
The wight hits you with a +0 falchion.
You feel drained.
The wight hits you with a +3 morningstar!
The wight hits you but does no damage.
You closely miss the wight.
The wight is almost destroyed.
The wight hits you with a +0 falchion!
The wight hits you with a +3 morningstar.
* * * LOW HITPOINT WARNING * * *
You feel drained.
* * * LOW HITPOINT WARNING * * *
The wight barely misses you.
You barely miss the wight.
The wight is almost destroyed.
The wight hits you with a +0 falchion.
* * * LOW HITPOINT WARNING * * *
You feel drained.
* * * LOW HITPOINT WARNING * * *
The wight barely misses you.
The wight hits you from afar with a +0 spear.
* * * LOW HITPOINT WARNING * * *
You feel drained.
Your skin crawls.
You feel strong-willed. The wight hits you with a +0 falchion.
* * * LOW HITPOINT WARNING * * *
The wight hits you with a +3 morningstar!
You die...

.. ## .# ..
. .. .#
..##. #.#
...... #.#
###...# #.#
#....zg##.#
#..zzz@.#
##.###z.#
#..+ #..#
#..# ##.#
#.# #.# #.#


You could see 5 wights and a goblin.

Vanquished Creatures
  Edmund (D:4)
  An orc wizard (D:4)
  2 gnolls (D:1)
  7 adders
  A dart slug (D:3)
  5 orcs
  12 ball pythons
  5 endoplasms
  4 giant cockroaches
  4 hobgoblins
  2 jackals (D:3)
  4 quokkas
  7 bats
  4 frilled lizards
  7 goblins
  6 kobolds
  3 rats
75 creatures vanquished.

Notes
Turn   | Place    | Note
-------+----------+-------------------------------------------
     0 | D:1      | ticklebelly the Minotaur Berserker began the quest for the
                  | Orb.
     0 | D:1      | Reached XP level 1. HP: 19/19 MP: 0/0
   126 | D:1      | Found a faded altar of an unknown god.
   145 | D:1      | Reached XP level 2. HP: 13/27 MP: 1/1
   429 | D:1      | Found Vausk's Antique Armour Shoppe.
   564 | D:1      | Reached XP level 3. HP: 31/34 MP: 2/2
   936 | D:2      | Reached ** piety under Trog
  1197 | D:2      | Reached skill level 5 in Fighting
  1197 | D:2      | Reached skill level 5 in Axes
  1197 | D:2      | Reached XP level 4. HP: 42/42 MP: 3/3
  2274 | D:4      | Reached XP level 5. HP: 48/48 MP: 4/4
  2326 | D:4      | Reached *** piety under Trog
  2617 | D:4      | Noticed Edmund
  2630 | D:4      | Killed Edmund
  2631 | D:4      | Reached XP level 6. HP: 28/57 MP: 5/5
  3017 | D:4      | Slain by a wight

Illustrated notes

Levels and vault maps discovered:
D:1:      heliophobic_arrival_glass_houses, layout_rooms, serial_shops,
          shop_statue, serial_glass, glass_columns_c, glass_columns_b,
          dreamdust_ecumenical_altar_angels_and_demons, palyth_stone_intersect
D:2:      layout_loops_ring
D:3:      layout_rooms
D:4:      layout_loops_cross, lemuel_coloured_pillars_altar,
          makhleb_blood_cavern_becter, nicolae_hepliaklqana_monster_ancestors,
          minmay_splitting_lines, minmay_door_square, uniq_edmund

Skill      XL: |  1  2  3  4  5 |
---------------+----------------+-----
Fighting       | 4 5 |  5.7
Axes           | 4 5 |  5.8
Armour         | 3 |  3.7
Dodging        | 3 |  3.3

Action                   |  1- 3 |  4- 6 || total
-------------------------+-------+-------++-------
Melee: Hand axe          |    70 |    95 ||   165
       Headbutt          |    13 |    14 ||    27
       Dire flail        |       |    19 ||    19
Invok: Berserk           |       |     2 ||     2
       Trog's Hand       |       |     1 ||     1
Armor: Animal skin       |    11 |     2 ||    13
       Ring mail         |       |    18 ||    18
Dodge: Dodged            |    40 |    47 ||    87
